 Dungeon Crawl Stone Soup version 0.27-a0-1529-g1e82c303ef (webtiles) character file.

Game seed: 11216693654003078203

473 Demosthentine the Poker (level 7, -10/55 HPs)
             Began as a Merfolk Gladiator on July 11, 2021.
             Mangled by a hornet (12 damage)
             ... on level 5 of the Dungeon.
             The game lasted 00:03:37 (4876 turns).

Demosthentine the Poker (Merfolk Gladiator)         Turns: 4876, Time: 00:03:38

Health: -10/55     AC:  6    Str: 16    XL:     7   Next: 10%
Magic:  7/7        EV: 14    Int: 14    God:
Gold:   275        SH:  0    Dex: 15    Spells: 6/6 levels left

rFire    . . .     SeeInvis .   a - +0 trident
rCold    . . .     Faith    .   (no shield)
rNeg     . . .     Spirit   .   b - +0 leather armour
rPois    .         Reflect  .   c - +1 helmet
rElec    .         Harm     .   (no cloak)
rCorr    .         Rampage  .   e - +0 pair of gloves
Will     .....                  (no boots)
Stlth    +.........             (no amulet)
HPRegen  0.18/turn              m - +6 ring of intelligence
MPRegen  0.10/turn              (no ring)

@: no status effects
A: (nimble swimmer 2), mertail
a: no special abilities


You were on level 5 of the Dungeon.
You visited 1 branch of the dungeon, and saw 5 of its levels.

You collected 275 gold pieces.

Inventory:

Hand Weapons
 a - a +0 trident (weapon)
 o - the +1 whip "Thing" {vorpal, rPois}
   (You found it on level 4 of the Dungeon)

   It inflicts extra damage upon your enemies.
   rPois:     It protects you from poison.
Armour
 b - a +0 leather armour (worn)
 c - a +1 helmet (worn)
 e - a +0 pair of gloves (worn)
Jewellery
 m - a +6 ring of intelligence (left hand)
Wands
 l - a wand of polymorph (11)
Scrolls
 f - 2 scrolls of enchant armour
Potions
 g - a potion of heal wounds
 j - a potion of berserk rage
 k - 2 potions of lignification
 n - a potion of resistance {unknown}
 p - a potion of mutation {unknown}
 q - a potion of attraction {unknown}


   Skills:
 + Level 4.4 Fighting
 + Level 6.7 Polearms
 - Level 2.0 Throwing
 + Level 2.4 Armour
 + Level 6.1 Dodging


You had 6 spell levels left.
You didn't know any spells.
Your spell library was empty.

Dungeon Overview and Level Annotations

Branches:
Dungeon (5/15)
 Temple: D:4-7

Altars:
Nemelex Xobeh


Innate Abilities, Weirdness & Mutations

((You are quick and stealthy near water. (Stealth+, EV+, Speed+++)))
Your lower body shifts to a powerful aquatic tail in water.


Message History

The throwing net barely misses the gnoll.
The throwing net barely misses the gnoll.
You feel sick.
You are no longer poisoned.
The hornet barely misses you. The gnoll barely misses you.
The hornet stings you!
* * * LOW HITPOINT WARNING * * *
You feel yourself slow down.
Unknown command.
Throw: 2 throwing nets
Press: ? - help, Q - select action, (/) - cycle Shift-Dir - straight line, f/p - hornet
Aim: a hornet (lightly wounded, 48% to hit)
You throw a throwing net.
The throwing net closely misses the hornet.
The throwing net barely misses the gnoll. x2
The hornet closely misses you. The gnoll closely misses you.
The hornet closely misses you.
Throw: throwing net
Press: ? - help, Q - select action, (/) - cycle Shift-Dir - straight line, f/p - hornet
Aim: a hornet (lightly wounded, 48% to hit)
You throw a throwing net. The throwing net hits the hornet.
The hornet is caught in the net!
The hornet is lightly wounded.
You feel yourself speed up.
The hornet struggles against the net.
The gnoll misses you.
The hornet struggles against the net.
The gnoll hits you from afar with a +0 halberd!
* * * LOW HITPOINT WARNING * * *
Unknown command.
Unknown command.
You barely miss the hornet.
The hornet is lightly wounded.
The hornet struggles against the net.
The gnoll misses you.
You hit the hornet but do no damage.
The hornet is lightly wounded.
The hornet struggles against the net. x2
The net rips apart, and the hornet comes free!
You hit the hornet but do no damage. The gnoll barely misses you.
The hornet stings you!
You die...

#.# #.# ...
$.######.#.#
#.#.<.......
#.#@######.#
#.#y#
######.#g#
......g..g#
###.#######


You could see a hornet and 2 gnolls.

Vanquished Creatures
  Duvessa (D:4)
  Dowan (D:4)
  A hound (D:4)
  A jelly (D:4)
  An orc wizard (D:4)
  Robin (D:2)
  8 gnolls
  6 adders
  2 worms (D:2)
  2 dart slugs
  6 orcs
  3 endoplasms
  3 giant cockroaches
  14 goblins
  10 hobgoblins
  6 kobolds
  2 quokkas
  A ball python (D:4)
  4 bats
  2 frilled lizards
  5 rats
80 creatures vanquished.

Notes
Turn   | Place    | Note
-------+----------+-------------------------------------------
     0 | D:1      | Demosthentine the Merfolk Gladiator began the quest for the
                  | Orb.
     0 | D:1      | Reached XP level 1. HP: 16/16 MP: 1/1
   168 | D:1      | Reached XP level 2. HP: 3/23 MP: 2/2
   874 | D:1      | Reached XP level 3. HP: 28/28 MP: 3/3
  1047 | D:1      | Found a faded altar of an unknown god.
  1330 | D:1      | Reached skill level 5 in Polearms
  1424 | D:1      | Reached skill level 1 in Armour
  1615 | D:2      | Reached XP level 4. HP: 21/35 MP: 4/4
  2375 | D:2      | Noticed Robin
  2431 | D:2      | Killed Robin
  2432 | D:2      | HP: 2/52 [goblin[Robin] (3)]
  2433 | D:2      | Reached skill level 5 in Dodging
  2746 | D:2      | Reached XP level 5. HP: 41/41 MP: 5/5
  3822 | D:4      | Reached XP level 6. HP: 43/48 MP: 6/6
  4218 | D:4      | Found a sparkling altar of Nemelex Xobeh.
  4238 | D:4      | Identified the +1 whip "Thing" {vorpal, rPois}
  4465 | D:4      | Noticed Duvessa
  4465 | D:4      | Noticed Dowan
  4482 | D:4      | Killed Duvessa
  4490 | D:4      | Killed Dowan
  4491 | D:4      | Reached XP level 7. HP: 42/55 MP: 7/7
  4854 | D:5      | Entered Level 5 of the Dungeon
  4860 | D:5      | Noticed a hornet
  4867 | D:5      | HP: 2/55 [gnoll (2)]
  4873 | D:5      | HP: 2/55 [gnoll (10)]
  4876 | D:5      | Mangled by a hornet

Illustrated notes

Levels and vault maps discovered:
D:1:      heliophobic_arrival_dark_side_of_the_moon, layout_basic,
          hellmonk_ecumenical_altar_leap_of_faith
D:2:      layout_basic, uniq_robin
D:3:      layout_basic
D:4:      layout_loops_ring, mainiacjoe_overflow_brackets, uniq_duvessa
D:5:      layout_loops_ring, mainiacjoe_overflow_alcove_2, enter_ossuary_1

Skill      XL: |  1  2  3  4  5  6 |
---------------+-------------------+-----
Polearms       | 5 6 |  6.7
Armour         | 1 2 |  2.4
Fighting       | 3 4 |  4.4
Dodging        | 5 6 |  6.1
Throwing       | |  2.0

Action                   |  1- 3 |  4- 6 |  7- 9 || total
-------------------------+-------+-------+-------++-------
Melee: Trident           |    69 |   192 |    40 ||   301
       Unarmed           |       |    13 |       ||    13
Throw: Throwing net      |       |       |     4 ||     4
  Use: Scroll            |     1 |     3 |     1 ||     5
       Potion            |       |     2 |     1 ||     3
 Stab: Sleeping          |       |     1 |       ||     1
       Held in net/web   |       |       |     1 ||     1
Armor: Leather armour    |     4 |    46 |    16 ||    66
       Skin              |       |     7 |       ||     7
Dodge: Dodged            |    41 |   111 |    40 ||   192

Table legend: (Time is in decaauts)
 A = Elapsed time spent in this place.
 B = Non-inter-level travel time spent in this place.
 C = Inter-level travel time spent in this place.
 D = Time resting spent in this place.
 E = Time spent auto-exploring this place.
 F = Levels seen in this place.
 G = Mean time per level.
                   A        B        C        D        E       F      G
               +--------+--------+--------+--------+--------+-----+--------+
         Total |   4886 |   4837 |     49 |    387 |   3783 |   5 |  977.2 |
       Dungeon |   4886 |   4837 |     49 |    387 |   3783 |   5 |  977.2 |
               +--------+--------+--------+--------+--------+-----+--------+

Top non-repeatable levels by time:
     D:2: 1584 daAuts
     D:1: 1565 daAuts
     D:4: 1202 daAuts
     D:3: 508 daAuts
     D:5: 25 daAuts
